 Dungeon Crawl Stone Soup version 0.23.2-1-ga50397a6bc (webtiles) character file.

Game seed: 17112848912650696748

6530 NochnoyZador the Bludgeoner (level 11, -23/60 HPs)
             Began as a Gargoyle Fighter on May 3, 2019.
             Was a Priest of Qazlal.
             Killed from afar by a hell hog (39 damage)
             ... with a fireball
             ... on level 2 of the Abyss.
             The game lasted 00:38:57 (9321 turns).

NochnoyZador the Bludgeoner (Gargoyle Fighter)      Turns: 9321, Time: 00:38:57

Health: -23/60     AC: 21    Str: 20      XL:     11   Next: 1%
Magic:  11/11      EV: 18    Int:  6 (9)  God:    Qazlal [***...]
Gold:   563        SH: 13    Dex: 12      Spells: 10/10 levels left

rFire    . . .     SeeInvis .   t - +4 flail (pain)
rCold    . . .     Gourm    .   c - +0 shield
rNeg     + . .     Faith    .   l - +0 plate armour
rPois    ∞         Spirit   .   (no helmet)
rElec    +         Reflect  .   u - +0 cloak
rCorr    .         Harm     .   Q - +0 pair of gloves
MR       ++...                  (no boots)
Stlth    ..........             n - amulet of the acrobat
HPRegen  0.20/turn              i - ring of protection from magic
MPRegen  0.12/turn              C - ring of protection from magic

@: about to teleport, acrobat
A: negative energy resistance 1, electricity resistance, unbreathing,
petrification resistance, rot immunity, AC +8
a: Upheaval, Elemental Force, Renounce Religion


You were on level 2 of the Abyss.
You worshipped Qazlal.
Qazlal was most pleased with you.
You were hungry.

You visited 1 branch of the dungeon, and saw 10 of its levels.
You visited the Abyss 1 time.

You collected 563 gold pieces.

Inventory:

Hand Weapons
 t - a +4 flail of pain (weapon)
 y - a +0 hunting sling
Missiles
 I - 32 sling bullets (quivered)
Armour
 c - a +0 shield (worn)
 l - a +0 plate armour (worn)
 q - a +2 ring mail of cold resistance
 u - a +0 cloak (worn)
 Q - a +0 pair of gloves (worn)
Jewellery
 i - a ring of protection from magic (left hand)
 n - an amulet of the acrobat (around neck)
 C - a ring of protection from magic (right hand)
 F - an uncursed ring of positive energy
 R - an uncursed ring of resist corrosion {unknown}
 S - an uncursed amulet of harm {unknown}
Wands
 p - a wand of digging (3)
 r - a wand of paralysis (6)
 v - a wand of iceblast (12)
 E - a wand of flame (36)
 L - a wand of acid (6)
 O - a wand of scattershot (6)
 T - a wand of random effects (11)
Scrolls
 e - 4 scrolls of identify
 g - 6 scrolls of remove curse
 j - 3 scrolls of teleportation
 m - 2 scrolls of fear {unknown}
 o - 2 scrolls of amnesia {unknown}
 D - 2 scrolls of magic mapping {unknown}
 G - a scroll of random uselessness {unknown}
 H - a scroll of summoning {unknown}
 J - a scroll of immolation {unknown}
 K - 3 scrolls of fog {unknown}
 M - 4 scrolls of enchant armour {unknown}
 N - a scroll of silence {unknown}
Potions
 a - a potion of magic
 b - a potion of resistance
 d - a potion of might
 h - 2 potions of haste
 k - a potion of agility {unknown}
 s - 3 potions of lignification
 w - a potion of brilliance {unknown}
 z - a potion of flight {unknown}
 B - a potion of curing
 P - a potion of ambrosia {unknown}
Miscellaneous
 A - a crystal ball of energy
Comestibles
 f - 25 rations


   Skills:
 + Level 3.3 Fighting
 + Level 15.5 Maces & Flails
 + Level 3.3 Armour
 + Level 3.3 Shields
 + Level 0.0 Invocations
 + Level 0.0 Evocations


You had 10 spell levels left.
You didn't know any spells.
Your spell library contained the following spells:

 Spells                   Type           Power        Failure   Level  Hunger
 Corona                   Hex            #......      100%        1    ##.....
 Magic Dart               Conj           #...         100%        1    ##.....
 Summon Small Mammal      Summ           #...         100%        1    ##.....
 Call Imp                 Summ           #.......     100%        2    ###....
 Searing Ray              Conj           #.....       100%        2    ###....
 Slow                     Hex            #.......     100%        2    ###....
 Call Canine Familiar     Summ           #.......     100%        3    ####...
 Dazzling Spray           Conj/Hex       #.....       100%        3    ####...
 Inner Flame              Hex/Fire       #.......     100%        3    ####...
 Portal Projectile        Hex/Tloc       #.....       100%        3    ####...
 Summon Guardian Golem    Hex/Summ       #.......     100%        3    ####...
 Cause Fear               Hex            #.........   100%        4    #####..
 Force Lance              Conj/Tloc      #.......     100%        4    #####..
 Fulminant Prism          Conj/Hex       #.........   100%        4    #####..
 Iskenderun's Mystic Bla  Conj           #.......     100%        4    #####..
 Leda's Liquefaction      Hex/Erth       #.........   100%        4    #####..
 Summon Ice Beast         Ice/Summ       #.......     100%        4    #####..
 Summon Lightning Spire   Summ/Air       #.......     100%        4    #####..


Dungeon Overview and Level Annotations

Branches:
Dungeon (10/15)            Temple (0/1) D:6
   Lair: D:8-11         Orc: D:9-12

Altars:
Ashenzari
Cheibriados
Dithmenos
Fedhas
Gozag
Hepliaklqana
Makhleb
Qazlal
Sif Muna
Uskayaw
Wu Jian
Xom
Yredelemnul

Annotations:
D:10 Sonja


Innate Abilities, Weirdness & Mutations

You are resistant to torment.
Your stone body is resilient. (AC +8)
You are immune to poison.
You resist negative energy. (rN+)
You are resistant to electric shocks. (rElec)
You can survive without breathing.
You are immune to petrification.
You are immune to rotting.


Message History

Found 27 gold pieces.
Found 39 gold pieces.
Found a phantom mirror.
You see here a scroll labeled UTESCH ILIPNYABACS.
The smoke demon gestures at you. Something smites you!
* * * LOW HITPOINT WARNING * * *
As you read the scroll of teleportation, it crumbles to dust.
You feel strangely unstable.
You feel the power of the Abyss delaying your translocation!
A hell hog comes into view.
The hell hog squeals angrily.
Found a quarterstaff.
The smoke demon gestures at you. The ball of steam misses you.
You hear an angry squeal.
The hell hog breathes fire at you.
The fireball explodes!
The fireball engulfs you!!!
Ouch! That really hurt!
You die...

.... ..... .. .........
... .. #. #..##..# ..#
..##..##..##..##..##.
...)................ ..
....................
#.....#####..§§#.......
#
........$..§3.@.......
. .. .
.......h.h°}..........
#..
#..##.3##..##..##..# .
.. # ..##..##..##..##
.##.. # ..
.....3...............
..## .
...........?.....%...
...## .
###..##$.##..##..##..#
.. .... # ##.#...###.
..##..# . ..#.. # #.##
.#3.#§


You could see 2 hell hogs and 2 smoke demons.

Vanquished Creatures
  Maurice (D:8)
  Joseph (D:8)
  Psyche (D:8)
  A troll (D:7)
  Prince Ribbit (D:8)
  5 yaks (D:9)
  A hungry ghost (D:10)
  Menkaure (D:7)
  Edmund (D:4)
  2 water moccasins (D:8)
  3 ice beasts
  2 orc warriors
  A sky beast (D:6)
  A phantom (D:4)
  5 ogres
  A black bear (D:8)
  3 centaurs
  6 bullfrogs
  A gnoll sergeant (D:9)
  3 killer bees (D:8)
  4 howler monkeys
  2 crimson imps
  2 bullfrog zombies
  11 hounds
  An iron imp (D:7)
  4 jellies
  A centaur skeleton (D:6)
  2 orc priests
  A bullfrog skeleton (D:5)
  4 orc wizards
  A gnoll shaman (D:4)
  6 iguanas
  Jessica (D:2)
  Ijyb (D:5)
  8 worker ants
  A hound zombie (D:9)
  A worker ant zombie (D:7)
  A howler monkey skeleton (D:4)
  8 gnolls
  11 adders
  A river rat (D:4)
  3 shadow imps
  6 oozes
  An adder skeleton (D:8)
  3 worms
  A dart slug (D:4)
  5 leopard geckos
  34 orcs
  5 giant cockroaches
  7 goblins
  8 hobgoblins
  19 jackals
  4 quokkas
  3 ball pythons
  8 bats
  2 frilled lizards
  A giant cockroach zombie (D:6)
  7 kobolds
  3 leopard gecko skeletons
  A quokka skeleton (D:4)
  7 rats
241 creatures vanquished.

Notes
Turn   | Place    | Note
-------+----------+-------------------------------------------
     0 | D:1      | NochnoyZador the Gargoyle Fighter began the quest for the
                  | Orb.
     0 | D:1      | Reached XP level 1. HP: 14/14 MP: 1/1
    65 | D:1      | Reached skill level 3 in Maces & Flails
    65 | D:1      | Reached XP level 2. HP: 6/19 MP: 2/2
   385 | D:1      | Reached XP level 3. HP: 23/23 MP: 3/3
   946 | D:2      | Found a basalt altar of Yredelemnul.
   959 | D:2      | Noticed Jessica
   964 | D:2      | Killed Jessica
   964 | D:2      | Reached skill level 4 in Maces & Flails
   964 | D:2      | Reached XP level 4. HP: 27/28 MP: 4/4
  1291 | D:2      | Found a faded altar of an unknown god.
  1734 | D:2      | Reached skill level 5 in Maces & Flails
  1735 | D:2      | Reached XP level 5. HP: 29/32 MP: 5/5
  2229 | D:3      | Found a shattered altar of Ashenzari.
  2314 | D:3      | Found a shadowy altar of Dithmenos.
  2873 | D:4      | Reached skill level 6 in Maces & Flails
  2873 | D:4      | Reached XP level 6. HP: 33/37 MP: 6/6
  2959 | D:4      | Noticed Edmund
  2962 | D:4      | Found an opulent altar of Gozag.
  2980 | D:4      | Killed Edmund
  2980 | D:4      | Reached skill level 7 in Maces & Flails
  3055 | D:4      | Reached XP level 7. HP: 38/41 MP: 7/7
  3120 | D:4      | Found a stormy altar of Qazlal.
  3125 | D:4      | Became a worshipper of Qazlal Stormbringer
  3517 | D:4      | Reached skill level 8 in Maces & Flails
  3614 | D:4      | Found an ornate altar of the Wu Jian Council.
  3769 | D:5      | Entered Level 5 of the Dungeon
  3950 | D:5      | Reached skill level 9 in Maces & Flails
  3950 | D:5      | Reached XP level 8. HP: 41/46 MP: 8/8
  3978 | D:5      | Noticed Ijyb
  4001 | D:5      | Killed Ijyb
  4001 | D:5      | Reached * piety under Qazlal
  4384 | D:6      | Found a hide-covered altar of Uskayaw.
  4605 | D:6      | Reached skill level 10 in Maces & Flails
  4637 | D:6      | Found a staircase to the Ecumenical Temple.
  4876 | D:6      | Found a blossoming altar of Fedhas.
  5022 | D:6      | Found a burning altar of Makhleb.
  5041 | D:6      | Found a burning altar of Makhleb.
  5306 | D:7      | Reached skill level 11 in Maces & Flails
  5323 | D:7      | Reached XP level 9. HP: 46/51 MP: 9/9
  5338 | D:7      | Found a shimmering altar of Xom.
  5477 | D:7      | Noticed Menkaure
  5484 | D:7      | Killed Menkaure
  5629 | D:7      | Noticed a troll
  5642 | D:7      | Killed a troll
  5812 | D:7      | Found a snail-covered altar of Cheibriados.
  5953 | D:7      | Reached skill level 12 in Maces & Flails
  6224 | D:7      | Reached ** piety under Qazlal
  6264 | D:8      | Noticed Maurice
  6426 | D:8      | Found a deep blue altar of Sif Muna.
  6557 | D:8      | Noticed Psyche
  6572 | D:8      | Killed Psyche
  6572 | D:8      | Reached skill level 13 in Maces & Flails
  6582 | D:8      | Killed Maurice
  6582 | D:8      | Reached XP level 10. HP: 33/56 MP: 10/10
  6681 | D:8      | Noticed Joseph
  6702 | D:8      | Killed Joseph
  7018 | D:8      | Reached skill level 14 in Maces & Flails
  7541 | D:9      | Noticed Prince Ribbit
  7653 | D:8      | Killed Prince Ribbit
  8256 | D:9      | Reached *** piety under Qazlal
  8256 | D:9      | Reached skill level 15 in Maces & Flails
  8410 | D:9      | Found a hazy altar of Hepliaklqana.
  8591 | D:10     | Entered Level 10 of the Dungeon
  8857 | D:10     | Noticed Sonja
  9189 | D:10     | Reached XP level 11. HP: 55/60 MP: 11/11
  9258 | D:10     | Cast into level 2 of the Abyss (Sonja)
  9290 | Abyss:2  | HP: 3/60 [smoke demon/ball of steam (20)]
  9313 | Abyss:2  | Noticed a hell hog
  9313 | Abyss:2  | Noticed a hell hog
  9321 | Abyss:2  | Killed from afar by a hell hog

Skill      XL: |  1  2  3  4  5  6  7  8  9 10 |
---------------+-------------------------------+-----
Maces & Flails | 3 4 5 6 7 9 11 13 15 | 15.5
Fighting       | |  3.3
Armour         | |  3.3
Shields        | |  3.3

Action                   |  1- 3 |  4- 6 |  7- 9 | 10-12 || total
-------------------------+-------+-------+-------+-------++-------
Melee: Flail             |    61 |   325 |   527 |   285 ||  1198
Invok: Upheaval          |       |       |       |     1 ||     1
  Use: Scroll            |       |       |     5 |     7 ||    12
       Potion            |       |       |       |     1 ||     1
 Stab: Invisible         |       |       |     6 |       ||     6
  Eat: Chunk             |       |     8 |     8 |    10 ||    26
       Ration            |       |       |     1 |       ||     1
Armor: Scale mail        |    35 |     1 |       |       ||    36
       Plate armour      |       |   279 |   292 |   183 ||   754
Dodge: Dodged            |    18 |    49 |    48 |    40 ||   155
Block: Shield            |    29 |   209 |   214 |   189 ||   641
